Map: Honorgrounds LE

Players

INnoVation

  • Race: Terran Terran
  • Spawn Location: 5:00

aLive - Winner!

  • Race: Terran Terran
  • Spawn Location: 7:00

Event: IEM XI Katowice - World Championship 2017

VOD

Have the link to the VOD?

Description

Time

  • Played on: March 4, 2017, 10:02 a.m.
  • Length: 4:51

All games in this series

Show
View Real Time Build Order
Export as new Build Order

INnoVation Terran 

Build Orders: 1/1/1, Cyclone Opening 

Get SALT Encoding   

  12  0:00  SCV  
  13  0:12  SCV  
  14  0:17  Supply Depot  
  14  0:24  SCV  
  15  0:29  Refinery  
  15  0:39  SCV  
  16  0:45  Barracks  
  16  0:51  SCV  
  16  0:56  Refinery  
  17  1:03  SCV  
  18  1:15  SCV  
  19  1:32  Reaper, Orbital Command  
  20  1:36  Factory  
  20  1:50  Supply Depot  
  20  1:57  SCV  
  21  2:04  Reaper  
  22  2:09  SCV  
  23  2:20  Hellion, Starport  
  23  2:21  SCV  
  26  2:30  Supply Depot  
  26  2:34  SCV  
  27  2:37  Barracks Tech Lab  
  27  2:43  Cyclone  
  30  2:46  SCV  
  31  3:00  SCV  
  31  3:01  Cloaking Field  
  31  3:02  Banshee  
  35  3:08  Supply Depot  
  35  3:20  Cyclone  
  38  3:29  Barracks Reactor  
  38  3:40  Command Center  
  38  3:42  SCV  
  39  3:50  Banshee  
  39  3:54  SCV  
  39  3:55  Factory Tech Lab  
  43  4:00  Supply Depot  
  43  4:06  SCV  
  44  4:11  Marine  
  44  4:12  Marine  
  46  4:19  SCV  
  46  4:21  Engineering Bay  
Show
View Real Time Build Order
Export as new Build Order

aLive Terran - Winner!

Build Orders: 1/1/1, Banshee Rush 

Get SALT Encoding   

  12  0:00  SCV  
  13  0:12  SCV  
  14  0:17  Supply Depot  
  14  0:24  SCV  
  15  0:30  Refinery  
  15  0:39  SCV  
  16  0:45  Barracks  
  16  0:51  SCV  
  17  0:57  Refinery  
  17  1:03  SCV  
  18  1:15  SCV  
  19  1:27  SCV  
  20  1:34  Factory  
  20  1:35  Reaper  
  21  1:43  Orbital Command  
  21  1:55  Supply Depot  
  21  2:08  SCV, Barracks Reactor  
  22  2:20  Starport  
  22  2:21  SCV  
  23  2:23  Factory Tech Lab  
  23  2:33  SCV  
  23  2:35  Supply Depot  
  24  2:45  Marine x2, SCV  
  27  2:57  SCV  
  28  3:01  Cloaking Field, Banshee  
  28  3:03  Factory Tech Lab  
  31  3:07  Marine  
  31  3:08  Marine  
  33  3:14  Supply Depot  
  33  3:23  Cyclone  
  36  3:29  Marine  
  36  3:30  Marine  
  38  3:39  Supply Depot  
  38  3:45  Raven  
  38  3:48  Marine x2  
  41  4:06  Marine x2, Cyclone  
  46  4:23  Marine  
  46  4:24  Marine  
  44  4:50  Command Center  

Tags
 
Add a new tag
Caveats
  • Supply blocks, unpowered buildings, or Contaminate may cause inaccurate times.
  • Supply counts are checked every 10 seconds.